 Dungeon Sprint DCSS version 0.27-a0-538-g15ff5c5295 (webtiles) character file.

Game seed: 16665895442501967692

279 sahdkjhfkaj the Cutter (level 6, -3/59 HPs)
             Began as a Troll Monk on Mar 6, 2021.
             Was a Believer of Dithmenos.
             Slain by an unseen horror (10 damage)
             ... in the Dungeon (Sprint IX: "|||||||||||||||||||||||||||||").
             The game lasted 00:00:35 (195 turns).

sahdkjhfkaj the Cutter (Troll Monk)                  Turns: 195, Time: 00:00:36

Health: -3/59      AC:  4    Str: 20    XL:     6   Next: 5%
Magic:  5/5        EV: 12    Int:  6    God:    Dithmenos [**....]
Gold:   0          SH:  0    Dex: 17    Spells: 5/5 levels left

rFire    . . .     SeeInvis .   a - +2 rapier (drain)
rCold    . . .     Faith    .   (no shield)
rNeg     . . .     Spirit   .   k - +0 robe
rPois    .         Reflect  .   (helmet restricted)
rElec    .         Harm     .   (no cloak)
rCorr    .         Rampage  .   (gloves unavailable)
Will     .....     NoTele   +   (boots unavailable)
Stlth    ++++......             (no amulet)
HPRegen  1.19/turn              l - +2 ring of evasion
MPRegen  0.09/turn              m - +3 ring of dexterity

@: wreathed by umbra
A: large, unfitting armour, claws 3, regeneration 1, shaggy fur 1, tough skin 1
a: Renounce Religion, Shadow Step


You were in the Dungeon.
You worshipped Dithmenos.
Dithmenos was pleased with you.
You visited 1 branch

Inventory:

Hand Weapons
 a - a +2 rapier of draining (weapon)
Armour
 k - a +0 robe (worn)
Jewellery
 l - a +2 ring of evasion (left claw)
 m - a +3 ring of dexterity (right claw)
Wands
 j - a wand of iceblast (10)
Scrolls
 g - 2 scrolls of blinking
 i - 2 scrolls of amnesia
Potions
 b - 5 potions of curing
 c - 3 potions of heal wounds
 d - a potion of haste
 e - 4 potions of magic
 f - a potion of berserk rage
 h - a potion of invisibility


   Skills:
 - Level 2.4 Fighting
 + Level 7.3 Short Blades
 - Level 2.4 Dodging
 - Level 5.8 Stealth
 - Level 3.0 Unarmed Combat


You had 5 spell levels left.
You didn't know any spells.
Your spell library was empty.

Dungeon Overview and Level Annotations

Branches:
Dungeon (1/1)

Altars:
Cheibriados
Dithmenos
Elyvilon
Fedhas
Gozag
Hepliaklqana
Kikubaaqudgha
Makhleb
Nemelex Xobeh
Okawaru
Qazlal
Ru
Sif Muna
Trog
Uskayaw
Vehumet
Wu Jian
Xom
Yredelemnul
Zin
The Shining One
Beogh
Jiyva
Lugonu


Innate Abilities, Weirdness & Mutations

You are too large for most types of armour.
You have claws for hands.
Your natural rate of healing is unusually fast.
You are covered in fur. (AC +1)
You have tough skin. (AC +1)


Message History

There is a hazy altar of Hepliaklqana here.
Something barely misses you.
There is an opulent altar of Gozag here.
There is a blossoming altar of Fedhas here.
There is a white marble altar of Elyvilon here.
Something barely misses you.
There is a shadowy altar of Dithmenos here.
Something hits you.
* * * LOW HITPOINT WARNING * * *
There is a snail-covered altar of Cheibriados, spattered with blood here.
There is a roughly hewn altar of Beogh here.
Something barely misses you. Something hits you but does no damage.
There is an open door to the Temple here.
Something hits you.
* * * LOW HITPOINT WARNING * * *
Something barely misses you.
Things that are here:
a +0 dagger; a +0 robe; an orc corpse Something hits you.
* * * LOW HITPOINT WARNING * * *
Things that are here:
a +0 dagger; a +0 robe; an orc corpse
There is an open door here.
Something barely misses you. Something hits you.
* * * LOW HITPOINT WARNING * * *
Something completely misses you. Something hits you but does no damage.
You see here a goblin corpse.
Something hits you!
* * * LOW HITPOINT WARNING * * *
You see here a kobold corpse.
There is an open door to the Dungeon, spattered with blood here.
Things that are here:
3 stones; a rat corpse; a kobold corpse Something hits you but does no damage.
Something hits you.
* * * LOW HITPOINT WARNING * * *
Something hits you!
You die...

▓▓▓
▓@▓
▓.▓
▓.▓
▓.▓
▓(▓
▓†▓
▓†▓
▓.▓
▓.▓


There were no monsters in sight!

Vanquished Creatures
  A sky beast (D)
  An ogre (D)
  A howler monkey (D)
  2 orc wizards (D)
  An adder (D)
  A shadow imp (D)
  An orc (D)
  A goblin (D)
  3 kobolds (D)
  A rat (D)
13 creatures vanquished.

Notes
Turn   | Place    | Note
-------+----------+-------------------------------------------
     0 | D        | sahdkjhfkaj the Troll Monk began the quest for the Orb.
     0 | D        | Reached XP level 1. HP: 22/22 MP: 0/0
     4 | D        | Banished a spatial maelstrom
    23 | D        | Noticed an orc wizard
    23 | D        | Noticed a howler monkey
    23 | D        | Noticed an orc wizard
    29 | D        | Killed an orc wizard
    30 | D        | Reached XP level 2. HP: 29/29 MP: 1/1
    30 | D        | Reached XP level 3. HP: 36/36 MP: 2/2
    32 | D        | Reached skill level 5 in Stealth
    32 | D        | Reached XP level 4. HP: 44/44 MP: 3/3
    47 | D        | Found a snail-covered altar of Cheibriados.
    47 | D        | Found a shadowy altar of Dithmenos.
    47 | D        | Found a white marble altar of Elyvilon.
    47 | D        | Found a blossoming altar of Fedhas.
    47 | D        | Found an opulent altar of Gozag.
    48 | D        | Found a hazy altar of Hepliaklqana.
    49 | D        | Found a viscous altar of Jiyva.
    50 | D        | Found an ancient bone altar of Kikubaaqudgha.
    51 | D        | Found a corrupted altar of Lugonu.
    52 | D        | Found a burning altar of Makhleb.
    53 | D        | Found a sparkling altar of Nemelex Xobeh.
    54 | D        | Found an iron altar of Okawaru.
    55 | D        | Found a stormy altar of Qazlal.
    56 | D        | Found a sacrificial altar of Ru.
    57 | D        | Found a shimmering blue altar of Sif Muna.
    58 | D        | Found a bloodstained altar of Trog.
    59 | D        | Found a hide-covered altar of Uskayaw.
    60 | D        | Found a radiant altar of Vehumet.
    61 | D        | Found an ornate altar of the Wu Jian Council.
    62 | D        | Found a shimmering altar of Xom.
    63 | D        | Found a basalt altar of Yredelemnul.
    64 | D        | Found a glowing silver altar of Zin.
    65 | D        | Found a glowing golden altar of the Shining One.
    80 | D        | Became a worshipper of Dithmenos the Shadowed
    80 | D        | Reached * piety under Dithmenos
    80 | D        | Reached ** piety under Dithmenos
   124 | D        | Noticed a sky beast
   124 | D        | Noticed an ogre
   124 | D        | Noticed a yak
   162 | D        | Killed a sky beast
   163 | D        | Reached skill level 5 in Short Blades
   163 | D        | Reached XP level 5. HP: 36/50 MP: 4/4
   169 | D        | Killed an ogre
   170 | D        | Reached skill level 7 in Short Blades
   170 | D        | Reached XP level 6. HP: 12/59 MP: 5/5
   195 | D        | Slain by an unseen horror

Illustrated notes

Levels and vault maps discovered:
D:        linesprint [early_d, line_temple, items_1, d_10, items_2, lair_1,
          lair_end, items_3, orc_1, orc_end, items_4, d_15, swamp_1, shoals_1,
          snake_1, spider_1, d_20, vaults_1, items_5, swamp_end, shoals_end,
          snake_end, spider_end, vaults_end, d_27, items_6, zot_1, zot_end,
          crypt_end, forest_end, elf_end, slime_end, tomb_end, abyss_end,
          pan_hell_end]

Skill      XL: |  1  2  3  4  5 |
---------------+----------------+-----
Stealth        | 4 5 |  5.8
Short Blades   | 5 7 |  7.3
Fighting       | |  2.4
Dodging        | |  2.4
Unarmed Combat | |  3.0

Action                   |  1- 3 |  4- 6 || total
-------------------------+-------+-------++-------
Melee: Unarmed           |    19 |     7 ||    26
       Punch             |     1 |     1 ||     2
       Rapier            |       |    19 ||    19
Armor: Robe              |     4 |     9 ||    13
Dodge: Dodged            |       |    13 ||    13

Table legend: (Time is in decaauts)
 A = Elapsed time spent in this place.
 B = Non-inter-level travel time spent in this place.
 C = Inter-level travel time spent in this place.
 D = Time resting spent in this place.
 E = Time spent auto-exploring this place.
 F = Levels seen in this place.
 G = Mean time per level.
                   A        B        C        D        E       F      G
               +--------+--------+--------+--------+--------+-----+--------+
         Total |    193 |    179 |     14 |      0 |      0 |   1 |  193.0 |
       Dungeon |    193 |    179 |     14 |      0 |      0 |   1 |  193.0 |
               +--------+--------+--------+--------+--------+-----+--------+

Top non-repeatable levels by time:
       D: 193 daAuts
